 Dungeon Crawl Stone Soup version 0.17.0-28-g6e173f8 (webtiles) character file.

7765 4thArraOfDagon the Cleaver (level 11, -22/99 HPs)
             Began as a Minotaur Berserker on Nov 24, 2015.
             Was a Believer of Trog.
             Shot with a poisoned arrow by Nessos (24 damage)
             ... on level 14 of the Dungeon.
             The game lasted 00:13:48 (2039 turns).

4thArraOfDagon the Cleaver (Minotaur Berserker)     Turns: 2039, Time: 00:13:49

Health: -22/99     AC: 15    Str: 21      XL:     11   Next: 1%
Magic:  14/14      EV:  7    Int: 12      God:    Trog [**....]
Gold:   76         SH:  0    Dex:  8 (11) Spells: 0 memorised, 10 levels left

rFire  + . .     SeeInvis .     n - +2 war axe (chop)
rCold  + . .     Clarity  .     x - +1 plate armour
rNeg   . . .     SustAt   .     (no shield)
rPois  +         Gourm    .     (helmet restricted)
rElec  +         Spirit   .     (no cloak)
rCorr  +         Warding  .     (no gloves)
rMut   .         Stasis   .     (no boots)
MR     ++...                    i - amulet of resist corrosion
Stlth  ..........               (no ring)
                                (no ring)

@: brilliant, lethally poisoned (-22 -> -23), exhausted, resistant, very
slightly contaminated, regenerating, hasted and slowed, very resistant to
hostile enchantments, extremely unstealthy
A: retaliatory headbutt, horns 2
a: Berserk, Trog's Hand, Burn Spellbooks, Renounce Religion


You were on level 14 of the Dungeon.
You worshipped Trog.
Trog was pleased with you.
You were hungry.

You visited 1 branch of the dungeon, and saw 14 of its levels.
You also visited: Bailey.

You collected 76 gold pieces.

Inventory:

Hand Weapons
 a - a +1 hand axe
 n - a +2 war axe of chopping (weapon)
 q - a +0 mace
 s - a cursed +3 dagger of freezing
 y - the +1 mace of the Beast {speed, rElec Str-3 Dex+3}
   (You found it in a bailey)

   Attacks with this weapon are significantly faster.
   It affects your strength (-3).
   It affects your dexterity (+3).
   It insulates you from electricity.
Missiles
 b - 2 poisoned javelins
 g - 12 javelins
 l - 7 javelins of penetration
 A - 2 throwing nets
Armour
 x - a +1 plate armour (worn)
Jewellery
 i - an amulet of resist corrosion (around neck)
Wands
 o - a wand of fire (0)
 r - a wand of flame (35)
 u - a wand of invisibility (0)
Scrolls
 f - a scroll of immolation
 h - a scroll of enchant weapon
 B - a scroll of noise
Books
 v - a book of Dreams (quivered)

   Spells                             Type                      Level
   a - Ensorcelled Hibernation        Hexes/Ice                    2
   b - Phase Shift                    Translocation                5
   c - Shadow Creatures               Summoning                    5
   d - Silence                        Hexes/Air                    5
   e - Darkness                       Hexes                        6
   f - Mass Confusion                 Hexes                        6
   Trog disapproves of the use of such an item.
Miscellaneous
 e - a lamp of fire (inert)
Comestibles
 c - 4 bread rations
 d - a chunk of flesh
 j - 5 beef jerkies


   Skills:
 + Level 10.0 Fighting
 * Level 13.1 Axes
 + Level 9.9 Armour
 - Level 2.1 Dodging
 + Level 6.0 Evocations


You had 10 spell levels left.
You didn't know any spells.

Dungeon Overview and Level Annotations

Branches:
Dungeon (14/15)            Temple (0/1) D:6
   Lair: D:8-11         Orc: D:9-12      Vaults: D:13-14

Altars:

Shops:
D:11 [

Annotations:
D:7 4thArraOfDagon's ghost, amateur MiBe
D:11 exclusion: orange crystal statue
D:14 Nessos


Innate Abilities, Weirdness & Mutations

You reflexively headbutt those who attack you in melee.
You have a pair of horns on your head.


Message History

Unknown command.
Tossing away (i - inventory. (,) - cycle):
p - a book of Dreams (quivered)
Press: ? - help, Shift-Dir - straight line, f/p - Nessos
Aim: Nessos, wielding a longbow of flaming and wearing a centaur barding (severely wounded, fast)
You toss away a book of Dreams.
The book of Dreams hits Nessos but does no damage.
Nessos is severely wounded.
You feel very sick.
Nessos shoots a poisoned arrow.
The poisoned arrow barely misses you.
Nessos shoots a poisoned arrow.
The poisoned arrow hits you!
* * * LOW HITPOINT WARNING * * *
Unknown command.
Unknown command.
The spellbook bursts into flames.
Trog is delighted!
You feel slightly more hungry.
* * * LOW HITPOINT WARNING * * *
You feel sick.
Nessos is engulfed in roaring flames.
Nessos intently looks at you, slowly moving his tail.
Nessos blinks!
Nessos shoots a poisoned arrow.
The poisoned arrow hits you!!
You die...

#.# #.# #.####...
###.###.# #.#......
#.....#.###.#......
#.#................
#ยง#......###......(
#........# #..#.(.#
#.....#..###..##.##
##.............()..
#@)##.....#..##.##
#..##.###.#..##.##
#..##.# #.#......#
#c(# .# #.###..#
......# ........
.#...... ...###..#
#c####(..# .#. #..#
# .#... #... ...##
##(#


You could see Nessos.

Vanquished Creatures
  A centaur warrior (D:14)
  Urug (D:14)
  An orc knight (D:14)
  2 hill giants (D:11)
  2 manticores (D:14)
  2 cyclopes (D:14)
  An ugly thing (D:13)
  A gargoyle (D:14)
  A centaur skeleton (D:14)
  A deep elf mage (D:11)
  A hungry ghost (D:13)
  2 hippogriffs
  2 necrophages (D:11)
  3 orc warriors
  A black bear (shapeshifter) (D:14)
  2 centaurs
  3 giant frogs
  A wyvern zombie (D:13)
  8 gnoll sergeants (Bailey)
  2 scorpions
  3 killer bees (D:11)
  3 wights (D:6)
  6 gnoll shamans (Bailey)
  A jelly (D:11)
  2 hounds (Bailey)
  Jessica (D:3)
  An iguana (D:7)
  2 orc wizards
  An orc priest (D:14)
  A worker ant (D:4)
  2 sheep (D:14)
  A hound zombie (D:8)
  16 gnolls
  2 adders (D:8)
  A shadow imp (D:5)
  An ooze (D:1)
  An adder zombie (D:3)
  3 adder skeletons (D:3)
  4 giant geckos
  11 orcs
  A giant cockroach (D:2)
  2 hobgoblins
  A kobold (D:2)
  3 bats
  A giant gecko zombie (D:3)
  A giant newt (D:7)
  9 goblins
  A rat (D:1)
120 creatures vanquished.

Notes
Turn   | Place    | Note
--------------------------------------------------------------
     0 | D:1      | 4thArraOfDagon the Minotaur Berserker began the quest for the Orb.
     0 | D:1      | Reached XP level 1. HP: 19/19 MP: 0/0
    78 | D:1      | Reached skill level 4 in Axes
    79 | D:1      | Reached XP level 2. HP: 27/27 MP: 1/1
   218 | D:3      | Noticed Jessica
   226 | D:3      | Killed Jessica
   226 | D:3      | Reached XP level 3. HP: 19/33 MP: 2/2
   320 | D:4      | Found Oheshaim's Distillery.
   329 | D:4      | Reached skill level 5 in Axes
   329 | D:4      | Reached XP level 4. HP: 40/40 MP: 3/3
   360 | D:5      | Entered Level 5 of the Dungeon
   407 | D:5      | Reached ** piety under Trog
   471 | D:6      | Found a staircase to the Ecumenical Temple.
   505 | D:6      | Reached XP level 5. HP: 47/47 MP: 4/4
   511 | D:6      | Reached skill level 5 in Fighting
   511 | D:6      | Reached skill level 6 in Axes
   541 | D:7      | Noticed a hippogriff
   559 | D:7      | Reached XP level 6. HP: 56/56 MP: 5/5
   562 | D:7      | Killed a hippogriff
   585 | D:7      | Reached skill level 7 in Axes
   605 | D:7      | Noticed 4thArraOfDagon's ghost (amateur MiBe)
   674 | D:8      | Reached skill level 5 in Armour
   733 | D:9      | Reached XP level 7. HP: 62/62 MP: 6/6
   825 | D:10     | Entered Level 10 of the Dungeon
   854 | D:11     | Found Jedischa's Armour Boutique.
   869 | D:11     | Reached skill level 8 in Axes
   873 | D:11     | Reached skill level 1 in Evocations
   930 | D:11     | Noticed an orange crystal statue
   936 | D:11     | Noticed a hill giant
   939 | D:11     | Noticed a deep elf mage
   947 | D:11     | Killed a deep elf mage
   947 | D:11     | Reached XP level 8. HP: 71/71 MP: 6/8
   951 | D:11     | Killed a hill giant
   951 | D:11     | Reached skill level 9 in Axes
   982 | D:11     | Found a flagged portal.
   996 | Bailey   | Entered a bailey
  1079 | Bailey   | Reached skill level 10 in Axes
  1083 | Bailey   | Reached XP level 9. HP: 57/79 MP: 10/10
  1356 | Bailey   | Got a translucent mace
  1411 | Bailey   | what a crap
  1411 | Bailey   | waste of 1k turns
  1412 | Bailey   | Identified the +1 mace of the Beast {speed, rElec Str-3 Dex+3} (You found it in a bailey)
  1431 | D:11     | Noticed a hill giant
  1442 | D:11     | Killed a hill giant
  1442 | D:11     | Reached skill level 11 in Axes
  1492 | D:12     | Reached *** piety under Trog
  1614 | D:14     | Noticed a manticore
  1624 | D:14     | Killed a manticore
  1627 | D:14     | Noticed a seven-headed hydra
  1661 | D:13     | Noticed a red ugly thing
  1674 | D:13     | Killed a red ugly thing
  1674 | D:13     | Reached XP level 10. HP: 90/90 MP: 12/12
  1713 | D:14     | Noticed a manticore
  1721 | D:14     | Noticed an orc knight
  1733 | D:14     | Killed a manticore
  1739 | D:14     | Killed an orc knight
  1739 | D:14     | Reached skill level 12 in Axes
  1739 | D:14     | Reached skill level 5 in Evocations
  1745 | D:14     | HP: 4/91 [orc warrior/scimitar[an orc knight] (16)]
  1814 | D:14     | Noticed a cyclops
  1831 | D:14     | HP: 3/136 [cyclops (20)]
  1832 | D:14     | Killed a cyclops
  1870 | D:14     | Noticed a cyclops
  1940 | D:14     | Noticed Urug
  1953 | D:14     | Killed a cyclops
  1959 | D:14     | Killed Urug
  2001 | D:14     | Noticed a centaur skeleton
  2006 | D:14     | Killed a centaur skeleton
  2009 | D:14     | Noticed a gargoyle
  2013 | D:14     | Noticed a centaur warrior
  2019 | D:14     | Killed a gargoyle
  2019 | D:14     | Reached skill level 13 in Axes
  2025 | D:14     | Killed a centaur warrior
  2025 | D:14     | Reached skill level 10 in Fighting
  2025 | D:14     | Reached XP level 11. HP: 99/99 MP: 14/14
  2029 | D:14     | Noticed Nessos
  2038 | D:14     | HP: 3/99 [Nessos/poisoned arrow (12)]
  2039 | D:14     | Shot with a poisoned arrow by Nessos

Action                   |  1- 3 |  4- 6 |  7- 9 | 10-12 || total
-------------------------+-------+-------+-------+-------++-------
Melee: Hand axe          |    43 |    46 |   199 |    60 ||   348
       War axe           |       |       |       |    17 ||    17
Throw: Javelin           |       |       |       |     1 ||     1
Invok: Berserk           |     2 |     4 |     9 |     4 ||    19
       Trog's Hand       |       |       |    10 |    12 ||    22
       Burn Spellbooks   |       |       |       |     1 ||     1
Evoke: Wand              |       |       |     3 |     2 ||     5
       Lamp of fire      |       |       |       |     1 ||     1
  Use: Scroll            |       |       |    13 |     2 ||    15
       Potion            |       |       |     2 |     5 ||     7
 Stab: Invisible         |       |       |     9 |       ||     9
  Eat: Chunk             |       |     5 |    13 |     3 ||    21
       Fruit             |       |       |     9 |       ||     9
       Pizza             |       |       |     1 |       ||     1
